 Dungeon Crawl Stone Soup version 0.25.1-2-g60ff931df9 (webtiles) character file.

Game seed: 16943336022728200966

119 solopath the Slasher (level 4, 0/33 HPs)
             Began as a Demonspawn Gladiator on Oct 28, 2020.
             Was an Initiate of Trog.
             Killed from afar by an orc wizard (8 damage)
             ... with a puff of flame
             ... on level 3 of the Dungeon.
             The game lasted 00:03:07 (2397 turns).

solopath the Slasher (Demonspawn Gladiator)         Turns: 2397, Time: 00:03:07

Health: 0/33       AC:  4    Str: 14    XL:     4   Next: 73%
Magic:  4/4        EV: 13    Int: 10    God:    Trog [......]
Gold:   99         SH:  0    Dex: 17    Spells: 3/3 levels left

rFire    . . .     SeeInvis .   a - +1 long sword
rCold    + . .     Gourm    .   (no shield)
rNeg     . . .     Faith    .   b - +0 leather armour
rPois    .         Spirit   .   c - +0 helmet
rElec    .         Reflect  .   m - scarf {+Inv}
rCorr    .         Harm     .   (no gloves)
MR       .....                  (no boots)
Stlth    ++........             (no amulet)
HPRegen  0.11/turn              (no ring)
MPRegen  0.09/turn              (no ring)

@: no status effects
A: claws 1, thin skeletal structure 1, cold resistance 1
a: Renounce Religion, Evoke Invisibility


You were on level 3 of the Dungeon.
You worshipped Trog.
Trog was noncommittal.
You were very hungry.

You visited 1 branch of the dungeon, and saw 3 of its levels.

You collected 99 gold pieces.

Inventory:

Hand Weapons
 a - a +1 long sword (weapon)
Missiles
 d - 3 throwing nets (quivered)
Armour
 b - a +0 leather armour (worn)
 c - a +0 helmet (worn)
 m - a scarf of invisibility (worn)
Scrolls
 j - a scroll of remove curse
 o - 2 scrolls of enchant weapon
Potions
 e - a potion of might {unknown}
 g - a potion of invisibility {unknown}
 k - a potion of magic {unknown}
 l - a potion of flight {unknown}
 n - a potion of lignification {unknown}
Comestibles
 f - 4 rations
 i - 4 chunks of flesh


   Skills:
 - Level 2.0 Fighting
 + Level 4.8 Long Blades
 - Level 1.7 Throwing
 - Level 2.6 Dodging
 + Level 1.2 Stealth


You had 3 spell levels left.
You didn't know any spells.
Your spell library was empty.

Dungeon Overview and Level Annotations

Branches:
Dungeon (3/15)

Altars:
Cheibriados
Trog


Innate Abilities, Weirdness & Mutations

You have sharp fingernails.
You have a somewhat thin skeletal structure. (Dex +2, Stealth)
Your flesh is cold resistant. (rC+)


Message History

Beogh smites you! The orc closely misses you.
Unknown command.
You feel much better. Something hits you. The orc wizard barely misses you.
The orc priest calls down the wrath of Beogh upon you.
Beogh smites you! The orc closely misses you.
You hit the orc priest but do no damage.
Something hits you.
The orc wizard hits you but does no damage.
The orc priest misses you.
You riposte.
You closely miss the orc priest. The orc closely misses you.
You closely miss the orc priest. Something hits you. The orc wizard misses you.
The orc priest hits you with a +0 club.
* * * LOW HITPOINT WARNING * * *
The orc misses you.
You hit the orc priest but do no damage.
You hear the slow rusting of a distant drain.
Something hits you but does no damage. The orc wizard casts a spell at you.
The puff of flame hits you!
You die...

,,,,* ,,,,* ,,,,* #### ,,,,*
##############... ***,*
#............#... *,*
#............#... *,*
#............#...
*,*****#########o.......#######
*,,,,,,......o@{o..............
*******##.#..o##o.......#######
***********,#...*#...............
,,,,,,,,,,,,#...*#.......รท.######
**,,,,,,,,,,#...,.o........#,,,,,
*,,,,,,,,,,#(..,##.######...,,,,
*,,,,,,,,,>..[.,,...,,**#...#*,,
**********.#...,*,..*,,*#....#,,
*,*,,,,*,,,**,*##...#,,


You could see an orc priest, an orc wizard and 3 orcs.

Vanquished Creatures
  3 adders (D:2)
  3 oozes
  3 worms
  A dart slug (D:1)
  2 leopard geckos (D:1)
  An orc (D:3)
  A ball python (D:2)
  9 bats (D:1)
  4 giant cockroaches
  4 goblins
  9 hobgoblins
  9 jackals
  2 frilled lizards (D:2)
  4 kobolds
  A quokka skeleton (D:2)
  5 rats
61 creatures vanquished.

Vanquished Creatures (others)
  An orc (D:3)
1 creature vanquished.

Grand Total: 62 creatures vanquished

Notes
Turn   | Place    | Note
-------+----------+-------------------------------------------
     0 | D:1      | solopath the Demonspawn Gladiator began the quest for the
                  | Orb.
     0 | D:1      | Reached XP level 1. HP: 16/16 MP: 1/1
    29 | D:1      | Reached skill level 3 in Long Blades
    74 | D:1      | Gained mutation: You have a somewhat thin skeletal
                  | structure. (Dex +2, Stealth) [demonic ancestry]
    74 | D:1      | Reached XP level 2. HP: 10/22 MP: 2/2
   541 | D:1      | Gained mutation: You have sharp fingernails. [demonic
                  | ancestry]
   541 | D:1      | Reached XP level 3. HP: 22/27 MP: 3/3
   826 | D:1      | Reached skill level 4 in Long Blades
  1643 | D:2      | Gained mutation: Your flesh is cold resistant. (rC+)
                  | [demonic ancestry]
  1643 | D:2      | Reached XP level 4. HP: 33/33 MP: 4/4
  1678 | D:2      | Found a snail-covered altar of Cheibriados.
  1982 | D:2      | Reached skill level 1 in Stealth
  2140 | D:2      | Found a bloodstained altar of Trog.
  2281 | D:2      | Became a worshipper of Trog the Wrathful
  2397 | D:3      | Killed from afar by an orc wizard

Illustrated notes

Levels and vault maps discovered:
D:1:      tarquinn_simple_flora_water_e, layout_basic, serial_bayou_ford_a,
          minmay_heptomino_h4
D:2:      layout_basic, old_standard_altar, trog_book
D:3:      layout_basic, led_sif_pool, portal_sewer_entry_e, uniq_grinder

Skill      XL: |  1  2  3  4 |
---------------+-------------+-----
Long Blades    | 3 4 |  4.8
Stealth        | 1 |  1.2
Fighting       | |  2.0
Throwing       | |  1.7
Dodging        | |  2.6

Action                   |  1- 3 |  4- 6 || total
-------------------------+-------+-------++-------
Melee: Long sword        |    98 |    79 ||   177
  Use: Scroll            |       |     7 ||     7
       Potion            |       |     1 ||     1
 Stab: Sleeping          |     5 |     2 ||     7
       Distracted        |       |     1 ||     1
  Eat: Chunk             |     2 |     2 ||     4
Armor: Leather armour    |    48 |    14 ||    62
Dodge: Dodged            |    95 |    63 ||   158
       Rpst.: Long sword |    23 |    14 ||    37
